 Dungeon Crawl Stone Soup version 0.31-a0-744-gbc345e7fcb (webtiles) character file.

Game seed: 2262344413359222749

35 shbulbulush the Sneak (level 3, -7/25 HPs)
             Began as an Octopode Brigand on Sept 13, 2023.
             Mangled by a gnoll
             ... wielding a +0 flail
              (12 damage)
             ... on level 1 of the Dungeon.
             The game lasted 00:23:59 (643 turns).

shbulbulush the Sneak (Octopode Brigand)             Turns: 643, Time: 00:23:59

Health: -7/25      AC:  1    Str: 10    XL:     3   Next: 33%
Magic:  3/3        EV: 12    Int: 13    God:
Gold:   40         SH:  0    Dex: 15    Spells: 2/2 levels left

rFire   . . .        a - +2 dagger
rCold   . . .        (no shield)
rNeg    . . .        (helmet restricted)
rPois   .            (no amulet)
rElec   .            (no ring)
rCorr   .            (no ring)
SInv    .            (no ring)
Will    .....        (no ring)
Stlth   ++++         (no ring)
HPRegen 0.24/turn    (no ring)
MPRegen 0.08/turn    (no ring)
                     (no ring)

%: no passive effects
@: no status effects
A: almost no armour, amphibious, 8 rings, camouflage 1, gelatinous body 1,
(nimble swimmer 1), tentacles
a: no special abilities


You were on level 1 of the Dungeon.
You visited 1 branch of the dungeon, and saw 1 of its levels.

You collected 40 gold pieces.

Inventory:

Hand Weapons
 a - a +2 dagger (weapon)
Missiles
 b - 15 poisoned darts (quivered)
 c - 3 curare-tipped darts
 d - 10 stones
Scrolls
 f - a scroll of teleportation {unknown}
 i - a scroll of silence {unknown}
 j - a scroll of blinking {unknown}
 m - a scroll of identify {unknown}
Potions
 e - a potion of curing {unknown}
 g - a potion of ambrosia {unknown}
 h - a potion of invisibility {unknown}
 k - a potion of heal wounds {unknown}
 l - a potion of attraction {unknown}


   Skills:
 + Level 2.4 Fighting
 + Level 2.1 Short Blades
 + Level 2.3 Throwing
 + Level 1.0 Dodging
 + Level 6.2 Stealth


You had 2 spell levels left.
You didn't know any spells.
Your spell library contained the following spells:

 Spells                   Type           Power      Damage    Failure   Level
 Wereblood                Tmut           0%         N/A       43%         2
 Irradiate                Conj/Tmut      0%         3d11      100%        5


Dungeon Overview and Level Annotations

Branches:
Dungeon (1/15)

Altars:

Annotations:
D:1 1 transporter


Innate Abilities, Weirdness & Mutations

You cannot wear most types of armour.
You are amphibious.
You can wear up to eight rings at the same time.
Your skin changes colour to match your surroundings (Stealth+).
Your rubbery body absorbs attacks. (AC +1, EV +1)
((You are camouflaged when in or above water. (Stealth+)))
You have tentacles for arms and can constrict up to eight enemies at once.


Message History

You completely miss the quokka. You squeeze the quokka.
You kill the quokka!
There is an open door here.
You see here a fuming emerald potion.
You see here a fuming emerald potion.
l - a fuming emerald potion
Okay, then.
HP restored.
There is an open door here.
c - 3 curare-tipped darts (gained 1)
A hobgoblin comes into view.
You see here a scroll labelled NEJAATS EGGABB.
You see here a scroll labelled NEJAATS EGGABB.
m - a scroll labelled NEJAATS EGGABB
Okay, then.
You barely miss the hobgoblin. You grab the hobgoblin.
You constrict the hobgoblin. The hobgoblin hits you.
You hit the hobgoblin. You squeeze the hobgoblin.
You kill the hobgoblin!
Found 6 poisoned darts.
b - 15 poisoned darts (gained 6)
A gnoll comes into view. It is wielding a +0 flail.
The gnoll shouts!
You hit the gnoll but do no damage. Your grab misses the gnoll.
The gnoll misses you.
You hit the gnoll but do no damage. Your grab misses the gnoll.
The gnoll closely misses you.
You hit the gnoll. You grab the gnoll.
The gnoll is moderately wounded.
You constrict the gnoll. The gnoll hits you with a +0 flail!
You hit the gnoll.
The gnoll is moderately wounded.
You constrict the gnoll. You hit the gnoll. You squeeze the gnoll.
The gnoll is almost dead.
You constrict the gnoll. The gnoll hits you with a +0 flail!
* * * LOW HITPOINT WARNING * * *
You release your grip on the gnoll.
The gnoll attacks as it pursues you! The gnoll hits you with a +0 flail!
You die...

###........# #.#
.......##### #.#
....#..# #.#
.####..# #.#
#####..## #.#
........## #.#
####.....## #.####
##.......## #....#
##.........####.@..#
.+.........+....g..#
##.........####....#
###.......## ##.#.#
# ##.....## ###.# #
##...## #.# # ##'##
#.# # #.# #.# # #.#
#.#


You could see a gnoll.

Vanquished Creatures
  A gnoll (D:1)
  A dart slug (D:1)
  2 ball pythons (D:1)
  2 bats (D:1)
  2 endoplasms (D:1)
  3 goblins (D:1)
  3 hobgoblins (D:1)
  2 kobolds (D:1)
  A quokka (D:1)
  2 frilled lizards (D:1)
  A rat (D:1)
20 creatures vanquished.

Notes
Turn   | Place    | Note
-------+----------+-------------------------------------------
     0 | D:1      | shbulbulush the Octopode Brigand began the quest for the
                  | Orb.
     0 | D:1      | Reached XP level 1. HP: 14/14 MP: 1/1
   215 | D:1      | Reached XP level 2. HP: 19/19 MP: 2/2
   342 | D:1      | Upgraded the game from 0.31-a0-740-g87205ac768 to
                  | 0.31-a0-744-gbc345e7fcb
   505 | D:1      | Reached skill level 6 in Stealth
   505 | D:1      | Reached XP level 3. HP: 25/25 MP: 3/3
   643 | D:1      | Mangled by a gnoll

Illustrated notes

Levels and vault maps discovered:
D:1:      spicycebolla_arrival_risky_transporter, layout_loops_corners,
          minmay_pentomino_u4

Skill      XL: |  1  2 |
---------------+-------+-----
Stealth        | 6 |  6.2
Fighting       | |  2.4
Short Blades   | |  2.1
Throwing       | |  2.3
Dodging        | |  1.0

Action                     || total
---------------------------++-------
  Melee: Dagger            ||    51
         Constrict         ||    10
         Tentacles         ||    10
         Punch             ||     1
  Throw: Dart              ||     1
         Stone             ||     1
   Stab: Sleeping          ||     5
 Armour: Skin              ||    21
  Dodge: Dodged            ||    22

Table legend: (Time is in decaauts)
 A = Elapsed time spent in this place.
 B = Non-inter-level travel time spent in this place.
 C = Inter-level travel time spent in this place.
 D = Time resting spent in this place.
 E = Time spent auto-exploring this place.
 F = Levels seen in this place.
 G = Mean time per level.
                   A        B        C        D        E       F      G
               +--------+--------+--------+--------+--------+-----+--------+
         Total |    637 |    311 |    326 |      0 |     42 |   1 |  637.0 |
       Dungeon |    637 |    311 |    326 |      0 |     42 |   1 |  637.0 |
               +--------+--------+--------+--------+--------+-----+--------+

Top non-repeatable levels by time:
     D:1: 637 daAuts
